 Dungeon Crawl Stone Soup version 0.28-a0-1234-g826d19b2e0 (webtiles) character file.

Game seed: 9856961693790497983

283 ReploidZero the Magician (level 6, 0/40 HPs)
             Began as a Djinni Conjurer on Dec 24, 2021.
             Was a Priest of Zin.
             Slain by a wight (7 damage)
             ... on level 4 of the Dungeon.
             The game lasted 00:13:50 (4381 turns).

ReploidZero the Magician (Djinni Conjurer)          Turns: 4381, Time: 00:13:51

Health: 0/40       AC:  2    Str:  6    XL:     6   Next: 54%
Gold:   177        EV: 12    Int: 22    God:    Zin [***...] SH:  0 Dex: 11

rFire   + + .      SeeInvis .   k - +1 dagger (venom)
rCold   x . .      Faith    .   (no shield)
rNeg    . . .      Spirit   .   a - +0 robe
rPois   ∞          Reflect  .   (no helmet)
rElec   .          Harm     .   (no cloak)
rCorr   .          Rampage  .   (no gloves)
Will    .....                   (boots unavailable)
Stlth   ++........              (no amulet)
HPRegen 0.13/turn               (no ring)
MPRegen 0.00/turn               (no ring)

@: reciting, flying
A: sickness immunity, fire resistance 2, cold vulnerability 1, float, innate
caster, hp casting, extra vitality 1
a: Renounce Religion, Recite, Vitalisation, Imprison, Donate Gold


You were on level 4 of the Dungeon.
You worshipped Zin.
Zin was most pleased with you.
You visited 1 branch of the dungeon, and saw 4 of its levels.

You collected 196 gold pieces.
You donated 19 gold pieces to Zin.

Inventory:

Hand Weapons
 k - a +1 dagger of venom (weapon)
Armour
 a - a +0 robe (worn)
Wands
 l - a wand of digging (6)
 o - a wand of iceblast (8)
Scrolls
 b - a scroll of blinking {unknown}
 e - a scroll of noise {unknown}
 g - a scroll of immolation {unknown}
 h - a scroll of identify {unknown}
 i - a scroll of fear {unknown}
 m - a scroll of amnesia {unknown}
 p - a scroll of enchant weapon {unknown}
 q - 2 scrolls of teleportation {unknown}
Potions
 c - a potion of degeneration {unknown}
 d - a potion of resistance {unknown}
 f - a potion of mutation {unknown}
 j - 4 potions of curing {unknown}
 n - a potion of might {unknown}


   Skills:
 - Level 2.1 Dodging
 - Level 1.5 Stealth
 + Level 5.7 Spellcasting


You couldn't memorise any spells.
You knew the following spells:

 Your Spells              Type           Power      Damage    Failure   Level
a - Magic Dart            Conj           100%       1d8       1%          1
b - Searing Ray           Conj           62%        2d6       1%          2
c - Dazzling Flash        Conj/Hex       62%        N/A       2%          3
d - Fulminant Prism       Conj/Hex       15%        3d11      9%          4
e - Iskenderun's Mystic   Conj/Tloc      31%        2d8       9%          4
f - Animate Skeleton      Necr           62%        N/A       1%          1
g - Passwall              Tmut/Erth      25%        N/A       1%          2
Your spell library was empty.

Dungeon Overview and Level Annotations

Branches:
Dungeon (4/15)
 Temple: D:4-7

Altars:
Zin


Innate Abilities, Weirdness & Mutations

You are immune to sickness and miasma.
You are immune to poison.
Your flesh is very heat resistant. (rF++)
You are vulnerable to cold. (rC-)
You float through the air rather than walking.
You learn spells naturally, not from books.
Your magical power is your life essence.
You have superior vitality. (+4 MHP)


Message History

The wight closely misses you.
Unknown command.
Casting: Searing Ray (safe; 1% risk of failure)
Confirm with . or Enter, or press ? or * to list all spells.
Aiming: Searing Ray (safe; 1% risk of failure)
Press: ? - help, Shift-Dir - straight line, f/p - wight
Aim: a wight, wielding a +0 flail and wearing a +0 robe (severely damaged, 79% to hit)
The searing ray hits the wight.
The wight is almost destroyed.
The searing ray hits the wight!
The wight is heavily damaged.
The searing ray hits the wight!
The wight is severely damaged. (Press . to maintain the ray.)
The wight hits you with a +0 flail!
* * * LOW HITPOINT WARNING * * *
The searing ray hits the wight.
You destroy the wight!
Zin accepts your kill.
The searing ray hits the wight!
The wight is almost destroyed.
The searing ray hits the wight but does no damage.
The wight is severely damaged.
* * * LOW HITPOINT WARNING * * *
The giant cockroach waves its antennae.
The searing ray hits the wight.
The wight is almost destroyed.
The searing ray hits the wight!
You destroy the wight!
Zin accepts your kill.
The searing ray hits the giant cockroach.
The giant cockroach is severely wounded.
* * * LOW HITPOINT WARNING * * *
The wight closely misses you.
Activating: Recite (8% risk of failure)
Press: ? - help, Dir - look around, f - activate You clear your throat and prepare to recite. "The law of Zin demands thee..."
The wight hits you with a +0 short sword!
You die...

.............#
#..# #..........#
#..# ###.......##
##..#
##......#####...#
#.............##
##.............#
#...#..........##
#..######.......#
#@.# ##..##..##
#z## #..####.#
#B# ##.## ##. #)#
##..# ## #.#
##.[## # .##
#...# # .# #...##
## B# #....## ##.
.. ##.....####..


You could see a wight and a giant cockroach.

Vanquished Creatures
  2 wights (D:4)
  Jessica (D:2)
  Terence (D:2)
  5 adders (D:3)
  2 worms
  A dart slug (D:1)
  An orc (D:3)
  4 ball pythons
  4 endoplasms
  3 giant cockroaches
  12 goblins
  15 hobgoblins
  4 jackals (D:1)
  13 kobolds
  7 quokkas
  3 bats
  7 frilled lizards
  6 rats
91 creatures vanquished.

Notes
Turn   | Place    | Note
-------+----------+-------------------------------------------
     0 | D:1      | ReploidZero the Djinni Conjurer began the quest for the
                  | Orb.
     0 | D:1      | Reached XP level 1. HP: 15/15 MP: 0/0
    25 | D:1      | Noticed a black mamba
    25 | D:1      | Noticed a wyvern
    26 | D:1      | Noticed a black bear
   180 | D:1      | Reached XP level 2. HP: 18/21 MP: 0/0
   452 | D:1      | Found a faded altar of an unknown god.
   468 | D:1      | Prayed at the altar of an unknown god.
   468 | D:1      | Became a worshipper of Zin the Law-Giver
   468 | D:1      | Reached * piety under Zin
   695 | D:1      | Reached XP level 3. HP: 22/25 MP: 0/0
   695 | D:1      | Learned a level 1 spell: Animate Skeleton
   845 | D:1      | Reached skill level 4 in Spellcasting
  1852 | D:2      | Reached ** piety under Zin
  1916 | D:2      | Reached XP level 4. HP: 27/31 MP: 0/0
  2324 | D:2      | Noticed Terence
  2330 | D:2      | Killed Terence
  2526 | D:2      | Noticed Jessica
  2531 | D:2      | Killed Jessica
  2532 | D:2      | Reached XP level 5. HP: 31/35 MP: 0/0
  2532 | D:2      | Learned a level 2 spell: Passwall
  2953 | D:3      | Reached skill level 5 in Spellcasting
  3419 | D:3      | Reached *** piety under Zin
  3771 | D:3      | Reached XP level 6. HP: 36/40 MP: 0/0
  4381 | D:4      | Slain by a wight

Illustrated notes

Levels and vault maps discovered:
D:1:      onia_arrival_zoo_common, layout_loops_ring,
          hellmonk_ecumenical_altar_dog_temple, minmay_surrounded
D:2:      cheibrodos_greedy_goblins, layout_loops_ring,
          hangedman_feature_mirror, chequers_serial_rivers_marsh, uniq_jessica,
          uniq_terence
D:3:      wad_river_or_something, layout_basic, grunt_decor_cap
D:4:      layout_layer_cave, minmay_joined_circles

Skill      XL: |  1  2  3  4  5 |
---------------+----------------+-----
Spellcasting   | 4 5 |  5.7
Dodging        | |  2.1
Stealth        | |  1.5

Action                   |  1- 3 |  4- 6 || total
-------------------------+-------+-------++-------
Melee: Dagger            |    10 |     5 ||    15
 Cast: Magic Dart        |    61 |    90 ||   151
       Searing Ray       |     2 |    10 ||    12
Invok: Recite            |     3 |     4 ||     7
Armor: Robe              |     1 |     2 ||     3
Dodge: Dodged            |    10 |    14 ||    24

Table legend: (Time is in decaauts)
 A = Elapsed time spent in this place.
 B = Non-inter-level travel time spent in this place.
 C = Inter-level travel time spent in this place.
 D = Time resting spent in this place.
 E = Time spent auto-exploring this place.
 F = Levels seen in this place.
 G = Mean time per level.
                   A        B        C        D        E       F      G
               +--------+--------+--------+--------+--------+-----+--------+
         Total |   4379 |   4238 |    141 |      0 |   3807 |   4 | 1094.8 |
       Dungeon |   4379 |   4238 |    141 |      0 |   3807 |   4 | 1094.8 |
               +--------+--------+--------+--------+--------+-----+--------+

Top non-repeatable levels by time:
     D:1: 1533 daAuts
     D:3: 1507 daAuts
     D:2: 1251 daAuts
     D:4: 86 daAuts
